 Dungeon Crawl Stone Soup version 0.32-a0-876-gcfddb08e57 (webtiles) character file.

Game seed: 6449279564969660719

343 Dirtsage the Carver (level 6, -13/47 HPs)
             Began as a Demonspawn Monk on Apr 1, 2024.
             Killed by an exploding ball python (26 damage)
             ... ignited by their inner flame
             ... in a sewer.
             The game lasted 00:06:49 (2874 turns).

Dirtsage the Carver (Demonspawn Monk)               Turns: 2874, Time: 00:06:50

Health: -13/47     AC: 11    Str: 11    XL:     6   Next: 31%
Magic:  6/6        EV:  5    Int: 10    God:
Gold:   276        SH:  0    Dex: 18    Spells: 5/5 levels left

rFire   . . .        a - +1 short sword (venom)
rCold   . . .        c - orb {light}
rNeg    . . .        h - +2 chain mail {rPois}
rPois   +            (helmet restricted)
rElec   .            e - +0 cloak
rCorr   .            (no gloves)
SInv    .            (no boots)
Will    .....        (no amulet) Stlth
                     (no ring)
HPRegen 0.27/turn    (no ring)
MPRegen 0.10/turn

%: no passive effects
@: glowing
A: antennae 1, powered by pain 1
a: no special abilities


You were in a sewer.
You visited 1 branch of the dungeon, and saw 4 of its levels.
You also visited: Sewer.

You collected 276 gold pieces.

Inventory:

Hand Weapons
 a - a +1 short sword of venom (weapon)
Armour
 c - an orb of light (worn)
 e - a +0 cloak (worn)
 h - a +2 chain mail of poison resistance (worn)
Wands
 m - a wand of mindburst (14)
 p - a wand of flame (22)
Scrolls
 g - a scroll of torment {unknown}
 i - a scroll of enchant armour
 l - a scroll of enchant weapon {unknown}
 n - a scroll of fear {unknown}
 o - a scroll of vulnerability {unknown}
Potions
 b - 2 potions of ambrosia
 d - a potion of might
 f - 2 potions of curing {unknown}
 j - 2 potions of attraction {unknown}
 k - 2 potions of mutation {unknown}
 r - a potion of magic


   Skills:
 + Level 3.2 Fighting
 * Level 10.9 Long Blades
 + Level 0.6 Armour
 + Level 2.9 Dodging
 - Level 3.6 Unarmed Combat


You had 5 spell levels left.
You didn't know any spells.
Your spell library contained the following spells:

 Spells                   Type           Power      Damage    Failure   Level
 Sting                    Conj/Alch      0%         1d3       100%        1
 Mercury Vapours          Alch/Air       0%         N/A       100%        2
 Olgreb's Toxic Radiance  Alch           0%         N/A       100%        4


Dungeon Overview and Level Annotations

Branches:
Dungeon (4/15)              Sewer (1/1)
 Temple: D:4-7

Altars:
Yredelemnul


Innate Abilities, Weirdness & Mutations

You have a pair of small antennae on your head.
You sometimes gain a little power by taking damage.


Message History

A ball python comes into view.
You take 3 damage, and have 36/47 hp.
You completely miss the bullfrog.
The bullfrog is moderately wounded.
The ball python hisses angrily. x2
The adder bites you but does no damage. The bullfrog barely misses you.
You barely miss the bullfrog.
The bullfrog is heavily wounded.
The bullfrog hits you. The adder barely misses you.
You take 5 damage, and have 31/47 hp.
You hit the bullfrog.
The bullfrog looks as sick as possible!
The bullfrog is severely wounded.
The bullfrog hits you but does no damage.
The adder bites you but does no damage.
A bullfrog comes into view.
You barely miss the adder.
The bullfrog croaks.
An adder comes into view.
The bullfrog hits you. The adder bites you but does no damage.
You take 3 damage, and have 28/47 hp.
You barely miss the adder.
The adder hisses angrily.
The bullfrog hits you. The adder bites you but does no damage.
You take 2 damage, and have 26/47 hp.
You hit the bullfrog.
The bullfrog looks as sick as possible!
The bullfrog is severely wounded.
The bullfrog hits you but does no damage.
As you read the scroll labelled OFETUK IRHANEBB, it crumbles to dust.
The creatures around you are filled with an inner flame!
It was a scroll of immolation.
The bullfrog explodes!
The fiery explosion engulfs the ball python!!
The fiery explosion engulfs the ball python!!!
The fiery explosion engulfs you!
* * * LOW HITPOINT WARNING * * *
The ball python explodes!
The fiery explosion engulfs the bullfrog!!
The fiery explosion engulfs you!!
Ouch! That really hurt!
You die...

#..'....# #..#....#
####...##
###################....#
..≈~≈≈≈≈≈≈≈≈≈≈≈≈≈#†....#
.~≈~≈~~≈≈≈≈≈≈≈≈~≈~....##
.~#~~~§§§≈~~~~~~~~....#
.~~≈S~§§§~#~~~~~~~....#
≈≈~~#§@.~≈~~≈≈≈~...##
#~~≈≈§§S≈~~≈≈≈≈~#.###
###################


You could see 2 adders.

Vanquished Creatures
  2 bullfrogs (Sewer)
  Crazy Yiuf (D:4)
  9 adders
  7 river rats
  A dart slug (D:1)
  A ribbon worm (D:3)
  4 endoplasms
  4 giant cockroaches
  3 goblins
  4 hobgoblins
  A jackal (D:2)
  4 quokkas
  13 ball pythons
  8 bats
  9 frilled lizards
  10 kobolds
  28 rats
109 creatures vanquished.

Notes
Turn   | Place    | Note
-------+----------+-------------------------------------------
     0 | D:1      | Dirtsage the Demonspawn Monk began the quest for the Orb.
     0 | D:1      | Reached XP level 1. HP: 18/18 MP: 1/1
   222 | D:1      | Gained mutation: You have a pair of small antennae on your
                  | head. [demonic ancestry]
   222 | D:1      | Reached XP level 2. HP: 18/24 MP: 2/2
   727 | D:1      | Reached skill level 1 in Long Blades
   727 | D:1      | Gained mutation: You sometimes gain a little power by
                  | taking damage. [demonic ancestry]
   727 | D:1      | Reached XP level 3. HP: 29/29 MP: 3/3
  1227 | D:2      | Reached skill level 2 in Long Blades
  1726 | D:2      | Found a faded altar of an unknown god.
  1878 | D:3      | Reached XP level 4. HP: 23/35 MP: 4/4
  1941 | D:3      | Reached skill level 10 in Long Blades
  1941 | D:3      | Reached XP level 5. HP: 41/41 MP: 5/5
  2180 | D:3      | Found a basalt altar of Yredelemnul.
  2180 | D:3      | You fall into a shaft and drop 1 floor!
  2281 | D:4      | Found a runed translucent door.
  2282 | D:4      | Noticed Crazy Yiuf
  2290 | D:4      | Killed Crazy Yiuf
  2353 | D:4      | Found a glowing drain.
  2391 | Sewer    | Entered a sewer
  2447 | Sewer    | Reached XP level 6. HP: 29/47 MP: 6/6
  2874 | Sewer    | Killed by an exploding ball python... ignited by their
                  | inner flame

Illustrated notes

Levels and vault maps discovered:
D:1:      amcnicky_arrival_blooded_trapdoor, layout_basic,
          minmay_split_cup_small
D:2:      layout_loops_cross, shapermc_ecumenical_altar_petra,
          minmay_fractal_squares_5
D:3:      layout_basic, amcnicky_altar_gilded
D:4:      layout_basic, minmay_temple_entry_water_ring,
          ebering_ghost_inner_flame, gup_sewer_entry_bowl,
          uniq_crazy_yiuf_cottage, uniq_eustachio
Sewer:    sewer_minmay_w

Skill      XL: |  1  2  3  4 |
---------------+-------------+-----
Unarmed Combat | 3 |  3.6
Long Blades    | 1 2 10 | 10.9
Fighting       | |  3.2
Armour         | |  0.6
Dodging        | |  2.9

Action                     |  1- 3 |  4- 6 || total
---------------------------+-------+-------++-------
  Melee: Short sword       |    99 |   161 ||   260
         Unarmed           |     3 |       ||     3
    Use: Scroll            |       |     6 ||     6
         Potion            |       |     1 ||     1
 Armour: Ring mail         |    10 |       ||    10
         Robe              |     1 |       ||     1
         Chain mail        |    79 |   120 ||   199
  Dodge: Dodged            |    33 |    35 ||    68

Table legend: (Time is in decaauts)
 A = Elapsed time spent in this place.
 B = Non-inter-level travel time spent in this place.
 C = Inter-level travel time spent in this place.
 D = Time resting spent in this place.
 E = Time spent auto-exploring this place.
 F = Levels seen in this place.
 G = Mean time per level.
                   A        B        C        D        E       F      G
               +--------+--------+--------+--------+--------+-----+--------+
         Total |   2871 |   2822 |     49 |     34 |   2172 |   5 |  574.2 |
       Dungeon |   2371 |   2322 |     49 |     34 |   1880 |   4 |  592.8 |
         Sewer |    500 |    500 |      0 |      0 |    292 |   1 |  500.0 |
               +--------+--------+--------+--------+--------+-----+--------+

Top non-repeatable levels by time:
     D:1: 1056 daAuts
     D:2: 810 daAuts
   Sewer: 500 daAuts
     D:3: 301 daAuts
     D:4: 202 daAuts
